| TOP OF THE 1ST |
|
Chattanooga Lookouts batting - Pitching for Arkansas Travelers : RHP Mike Tallerico
|
|
Pitching: RHP Mike Tallerico
|
|
|
Batting: LHB Marius Tadini
|
0-0: Ball 1-0: Swinging Strike 1-1: Called Strike 1-2: Ground out 6-3 (Groundball, 6S, EV 84.4 MPH)
|
|
Batting: RHB Ruben Martinez
|
0-0: Called Strike 0-1: Foul Ball, location: 2F 0-2: Foul Ball, location: 2F 0-2: Hit by Pitch
|
|
Batting: RHB Isaiah Easter
|
0-0: Called Strike 0-1: SINGLE (Groundball, 4MS, EV 68.1 MPH) (infield hit) Ruben Martinez to second
|
|
Batting: RHB Justin Allison
|
0-0: Ball 1-0: Fly out, F9 (Flyball, 89D, EV 93.1 MPH)
|
|
Batting: RHB Masaichi Tokunaga
|
0-0: Fielders Choice at 2nd, 6-4 (Groundball, 6D, EV 102.5 MPH)
|
| Top of the 1st over - 0 runs, 1 hit, 0 errors, 2 left on base; Chattanooga 0 - Arkansas 0 |
| BOTTOM OF THE 1ST |
|
Arkansas Travelers batting - Pitching for Chattanooga Lookouts : RHP Matt Springer
|
|
Pitching: RHP Matt Springer
|
|
|
Batting: RHB Jasper Burd
|
0-0: Ball 1-0: Called Strike 1-1: Ball 2-1: Ball 3-1: Base on Balls
|
|
Batting: RHB Bjoern Waltersson
|
0-0: Ball Jasper Burd steals 2nd base 1-0: Foul Ball, location: 2F 1-1: Swinging Strike 1-2: Ball 2-2: Ball 3-2: Foul Ball, location: 2F 3-2: Foul Ball, location: 2F 3-2: Ground out 6-3 (Groundball, 6, EV 87.5 MPH) Jasper Burd to third
|
|
Batting: SHB Mario Padron
|
0-0: Ground out 4-3 (Groundball, 34, EV 86.3 MPH) Jasper Burd scores
|
|
Batting: LHB Matt Calitri
|
0-0: Foul Ball, location: 2F 0-1: Ground out 4-3 (Groundball, 34, EV 86.3 MPH)
|
| Bottom of the 1st over - 1 run, 0 hits, 0 errors, 0 left on base; Chattanooga 0 - Arkansas 1 |
| TOP OF THE 2ND |
|
Chattanooga Lookouts batting - Pitching for Arkansas Travelers : RHP Mike Tallerico
|
|
Batting: LHB Kozo Kanamori
|
0-0: Called Strike 0-1: Ball 1-1: Hit by Pitch
|
|
Batting: RHB Julian de Reus
|
0-0: Called Strike 0-1: Called Strike 0-2: Strikes out swinging
|
|
Batting: RHB Francisque Regras
|
0-0: Ball 1-0: Ball 2-0: Ball Kozo Kanamori steals 2nd base 3-0: Called Strike 3-1: Called Strike 3-2: Ground out 3-1 (Groundball, 34, EV 86.3 MPH) Kozo Kanamori to third
|
|
Batting: RHB Ben Droge
|
0-0: Foul Ball, location: 2F 0-1: Foul Ball, location: 2F 0-2: Ball 1-2: Ball 2-2: Strikes out swinging
|
| Top of the 2nd over - 0 runs, 0 hits, 0 errors, 1 left on base; Chattanooga 0 - Arkansas 1 |
| BOTTOM OF THE 2ND |
|
Arkansas Travelers batting - Pitching for Chattanooga Lookouts : RHP Matt Springer
|
|
Batting: LHB Tyler Meier
|
0-0: Swinging Strike 0-1: Ball 1-1: Ball 2-1: Ground out 6-3 (Groundball, 6MS, EV 81.3 MPH)
|
|
Batting: RHB Jose Pineda
|
0-0: Called Strike 0-1: SINGLE (Groundball, 6MD, EV 96.3 MPH)
|
|
Batting: LHB Barrfhionn O'Toole
|
0-0: Called Strike 0-1: Ball 1-1: Called Strike 1-2: Ball 2-2: Foul Ball, location: 2F 2-2: Fly out, F9 (Line Drive, 9, EV 92.5 MPH)
|
|
Batting: LHB Sean Corderman
|
0-0: Ball 1-0: Called Strike Jose Pineda steals 2nd base (no throw) 1-1: Swinging Strike 1-2: Ball 2-2: Ground out U3 (Groundball, 3L, EV 83.1 MPH)
|
| Bottom of the 2nd over - 0 runs, 1 hit, 0 errors, 1 left on base; Chattanooga 0 - Arkansas 1 |
| TOP OF THE 3RD |
|
Chattanooga Lookouts batting - Pitching for Arkansas Travelers : RHP Mike Tallerico
|
|
Batting: LHB Marius Tadini
|
0-0: Ball 1-0: Foul Ball, location: 2F 1-1: Called Strike 1-2: Ball 2-2: Ball 3-2: SINGLE (Line Drive, 6M, EV 100.6 MPH)
|
|
Batting: RHB Ruben Martinez
|
0-0: Ball 1-0: Ball 2-0: Fielders Choice at 2nd, 5-4 (Groundball, 56, EV 96.9 MPH)
|
|
Batting: RHB Isaiah Easter
|
0-0: Swinging Strike 0-1: Fly out, F4 (Popup, 34S, EV 73.8 MPH)
|
|
Batting: RHB Justin Allison
|
0-0: Foul Ball, location: 2F 0-1: Ball 1-1: SINGLE (Flyball, 78S, EV 85.6 MPH) Ruben Martinez to second
|
|
Batting: RHB Masaichi Tokunaga
|
0-0: Called Strike 0-1: Foul Ball, location: 2F 0-2: Ball 1-2: Foul Ball, location: 2F 1-2: Ball 2-2: Foul Ball, location: 2F 2-2: SINGLE (Line Drive, 4D, EV 96.3 MPH) Ruben Martinez to third Justin Allison to second Runner from 3rd tries for Home, SAFE, throw by CF to home
|
|
Batting: LHB Kozo Kanamori
|
0-0: Ball 1-0: Fly out, F7 (Line Drive, 7, EV 88.8 MPH)
|
| Top of the 3rd over - 1 run, 3 hits, 0 errors, 2 left on base; Chattanooga 1 - Arkansas 1 |
| BOTTOM OF THE 3RD |
|
Arkansas Travelers batting - Pitching for Chattanooga Lookouts : RHP Matt Springer
|
|
Batting: RHB Roberto Martinez
|
0-0: Ball 1-0: Ball 2-0: Called Strike 2-1: Foul Ball, location: 2F 2-2: Strikes out swinging
|
|
Batting: RHB Jasper Burd
|
0-0: Called Strike 0-1: Foul Ball, location: 2F 0-2: Ball 1-2: Ball 2-2: Ground out 6-3 (Groundball, 6, EV 86.3 MPH)
|
|
Batting: RHB Bjoern Waltersson
|
0-0: Called Strike 0-1: Ball 1-1: Ball 2-1: Foul Ball, location: 2F 2-2: Ball 3-2: Foul Ball, location: 2F 3-2: Ground out 4-3 (Groundball, 4, EV 80.6 MPH)
|
| Bottom of the 3rd over - 0 runs, 0 hits, 0 errors, 0 left on base; Chattanooga 1 - Arkansas 1 |
| TOP OF THE 4TH |
|
Chattanooga Lookouts batting - Pitching for Arkansas Travelers : RHP Mike Tallerico
|
|
Batting: RHB Julian de Reus
|
0-0: Called Strike 0-1: Foul Ball, location: 2F 0-2: Ball 1-2: Foul Ball, location: 2F 1-2: Hit by Pitch
|
|
Batting: RHB Francisque Regras
|
0-0: SINGLE (Line Drive, 3D, EV 93.8 MPH) Julian de Reus to second Runner from 2nd tries for 3rd, SAFE, throw by RF made to third
|
|
Batting: RHB Ben Droge
|
0-0: Called Strike 0-1: Fly out, F4 (Flyball, 4D, EV 93.8 MPH)
|
|
Batting: LHB Marius Tadini
|
0-0: Called Strike 0-1: Foul Ball, location: 2F 0-2: Strikes out swinging
|
|
Batting: RHB Ruben Martinez
|
0-0: Foul Ball, location: 2F 0-1: Foul Ball, location: 2F 0-2: Ball 1-2: Strikes out swinging
|
| Top of the 4th over - 0 runs, 1 hit, 0 errors, 2 left on base; Chattanooga 1 - Arkansas 1 |
| BOTTOM OF THE 4TH |
|
Arkansas Travelers batting - Pitching for Chattanooga Lookouts : RHP Matt Springer
|
|
Batting: SHB Mario Padron
|
0-0: Ball 1-0: Foul Ball, location: 2F 1-1: Ball 2-1: Ball 3-1: DOUBLE (Groundball, 3L, EV 105.6 MPH)
|
|
Batting: LHB Matt Calitri
|
0-0: Fly out, F8 (Line Drive, 8LM, EV 90.6 MPH)
|
|
Batting: LHB Tyler Meier
|
0-0: Called Strike Mario Padron steals 3rd base 0-1: Foul Ball, location: 2F 0-2: Ball 1-2: Ground out 4-3 (Groundball, 4, EV 88.8 MPH) Mario Padron scores
|
|
Batting: RHB Jose Pineda
|
0-0: Fly out, F7 (Flyball, 7D, EV 98.1 MPH)
|
| Bottom of the 4th over - 1 run, 1 hit, 0 errors, 0 left on base; Chattanooga 1 - Arkansas 2 |
| TOP OF THE 5TH |
|
Chattanooga Lookouts batting - Pitching for Arkansas Travelers : RHP Mike Tallerico
|
|
Batting: RHB Isaiah Easter
|
0-0: Reached on error, E6 (Groundball, 6, EV 82.5 MPH)
|
|
Batting: RHB Justin Allison
|
0-0: Ball 1-0: Called Strike 1-1: SINGLE (Groundball, 6MD, EV 108.1 MPH) Isaiah Easter to second Runner from 2nd tries for 3rd, OUT! 8-5
|
|
Pitching: RHP Mike Guidroz
|
|
|
Pinch Hitting: RHB J.J. Powers
|
0-0: Ball 1-0: Foul Ball, location: 2F 1-1: Called Strike Justin Allison steals 2nd base 1-2: Ball 2-2: Ball 3-2: Base on Balls
|
|
Batting: LHB Kozo Kanamori
|
0-0: Called Strike 0-1: Foul Ball, location: 2F 0-2: Strikes out swinging
|
|
Pinch Hitting: LHB Armando Rendon
|
0-0: Ball 1-0: Foul Ball, location: 2F 1-1: Called Strike 1-2: Ball 2-2: Ball 3-2: Foul Ball, location: 2F 3-2: Base on Balls Justin Allison to third J.J. Powers to second
|
|
Batting: RHB Francisque Regras
|
0-0: Called Strike 0-1: Fly out, F9 (Flyball, 9, EV 85.0 MPH)
|
| Top of the 5th over - 0 runs, 1 hit, 1 error, 3 left on base; Chattanooga 1 - Arkansas 2 |
| BOTTOM OF THE 5TH |
|
Arkansas Travelers batting - Pitching for Chattanooga Lookouts : RHP Matt Springer
|
|
Now at 1B: Miguel Verduzco
|
|
|
Now at 2B: Ben Droge
|
|
|
Now at 3B: J.J. Powers
|
|
|
Batting: LHB Barrfhionn O'Toole
|
0-0: Ball 1-0: Ground out 4-3 (Groundball, 4, EV 111.3 MPH)
|
|
Batting: LHB Sean Corderman
|
0-0: Ball 1-0: Ball 2-0: Called Strike 2-1: Foul Ball, location: 2F 2-2: Strikes out swinging
|
|
Batting: RHB Roberto Martinez
|
0-0: Called Strike 0-1: Foul Ball, location: 2F 0-2: Foul Ball, location: 2F 0-2: Ball 1-2: SINGLE (Flyball, 9LS, EV 85.0 MPH)
|
|
Batting: RHB Jasper Burd
|
0-0: Called Strike 0-1: Ball 1-1: Ball 2-1: Fly out, F8 (Flyball, 89M, EV 90.0 MPH)
|
| Bottom of the 5th over - 0 runs, 1 hit, 0 errors, 1 left on base; Chattanooga 1 - Arkansas 2 |
| TOP OF THE 6TH |
|
Chattanooga Lookouts batting - Pitching for Arkansas Travelers : RHP Mike Guidroz
|
|
Batting: RHB Ben Droge
|
0-0: Foul Ball, location: 2F 0-1: Ground out 4-3 (Groundball, 4S, EV 75.0 MPH)
|
|
Batting: LHB Marius Tadini
|
0-0: Ball 1-0: Ball 2-0: SINGLE (Flyball, 4MD, EV 82.5 MPH)
|
|
Pitching: RHP Andino Calzaghe
|
|
|
Batting: RHB Ruben Martinez
|
0-0: Called Strike 0-1: Ball 1-1: Ball 2-1: Foul Ball, location: 2F 2-2: Strikes out swinging
|
|
Batting: RHB Isaiah Easter
|
0-0: Called Strike 0-1: Ball 1-1: Foul Ball, location: 2F 1-2: Strikes out swinging
|
| Top of the 6th over - 0 runs, 1 hit, 0 errors, 1 left on base; Chattanooga 1 - Arkansas 2 |
| BOTTOM OF THE 6TH |
|
Arkansas Travelers batting - Pitching for Chattanooga Lookouts : RHP Matt Springer
|
|
Batting: RHB Bjoern Waltersson
|
0-0: Ball 1-0: Ball 2-0: Fly out, F8 (Flyball, 8RD, EV 103.1 MPH)
|
|
Batting: SHB Mario Padron
|
0-0: Ball 1-0: Called Strike 1-1: Swinging Strike 1-2: Ball 2-2: Ground out 4-3 (Groundball, 4, EV 81.9 MPH)
|
|
Batting: LHB Matt Calitri
|
0-0: Ball 1-0: Ball 2-0: Ball 3-0: Called Strike 3-1: SOLO HOME RUN (Flyball, 9LD, EV 91.3 MPH), Distance : 339 ft
|
|
Batting: LHB Tyler Meier
|
0-0: Called Strike 0-1: Swinging Strike 0-2: Ball 1-2: Strikes out looking
|
| Bottom of the 6th over - 1 run, 1 hit, 0 errors, 0 left on base; Chattanooga 1 - Arkansas 3 |
| TOP OF THE 7TH |
|
Chattanooga Lookouts batting - Pitching for Arkansas Travelers : RHP Andino Calzaghe
|
|
Batting: RHB Justin Allison
|
0-0: Ball 1-0: Ball 2-0: Called Strike 2-1: Ball 3-1: SINGLE (Groundball, 56D, EV 100.6 MPH)
|
|
Batting: RHB J.J. Powers
|
0-0: Foul Ball, location: 2F 0-1: Ball 1-1: Foul Ball, location: 2F 1-2: Ball 2-2: Ball 3-2: SINGLE (Line Drive, 9LM, EV 100.0 MPH) Justin Allison to second
|
|
Batting: LHB Kozo Kanamori
|
0-0: Ball 1-0: Swinging Strike 1-1: 3-RUN HOME RUN (Flyball, 9D, EV 101.3 MPH), Distance : 378 ft
|
|
Pitching: RHP Erick Vazquez
|
|
|
Batting: RHB Miguel Verduzco
|
0-0: Called Strike 0-1: Swinging Strike 0-2: Ball 1-2: Foul Ball, location: 2F 1-2: Foul Ball, location: 2F 1-2: Ball 2-2: Ball 3-2: Strikes out swinging
|
|
Batting: RHB Francisque Regras
|
0-0: Swinging Strike 0-1: Foul Ball, location: 2F 0-2: Strikes out looking
|
|
Batting: RHB Ben Droge
|
0-0: Called Strike 0-1: Foul Ball, location: 2F 0-2: Ball 1-2: Foul Ball, location: 2F 1-2: Ground out 6-3 (Groundball, P, EV 85.0 MPH)
|
| Top of the 7th over - 3 runs, 3 hits, 0 errors, 0 left on base; Chattanooga 4 - Arkansas 3 |
| BOTTOM OF THE 7TH |
|
Arkansas Travelers batting - Pitching for Chattanooga Lookouts : RHP Matt Springer
|
|
Pitching: RHP Mike Ferry
|
|
|
Batting: RHB Jose Pineda
|
0-0: Swinging Strike 0-1: Ground out 5-3 (Groundball, 5L, EV 90.0 MPH)
|
|
Batting: LHB Barrfhionn O'Toole
|
0-0: Called Strike 0-1: Ball 1-1: Foul Ball, location: 2F 1-2: SINGLE (Flyball, 9LS, EV 91.9 MPH)
|
|
Batting: LHB Sean Corderman
|
0-0: Swinging Strike 0-1: Called Strike 0-2: Ball 1-2: Fielders Choice at 2nd, 3-6 (Groundball, 34S, EV 90.0 MPH)
|
|
Batting: RHB Roberto Martinez
|
0-0: Called Strike 0-1: Ball 1-1: Swinging Strike 1-2: Strikes out swinging
|
| Bottom of the 7th over - 0 runs, 1 hit, 0 errors, 1 left on base; Chattanooga 4 - Arkansas 3 |
| TOP OF THE 8TH |
|
Chattanooga Lookouts batting - Pitching for Arkansas Travelers : RHP Erick Vazquez
|
|
Pitching: RHP Jason Smallwood
|
|
|
Batting: LHB Marius Tadini
|
0-0: Called Strike 0-1: Foul Ball, location: 2F 0-2: Foul Ball, location: 2F 0-2: SINGLE (Groundball, 34D, EV 96.3 MPH)
|
|
Batting: RHB Ruben Martinez
|
0-0: Bunt missed! 0-1: Bunt missed! 0-2: Ball 1-2: Ball 2-2: Strikes out looking
|
|
Batting: RHB Isaiah Easter
|
0-0: Grounds into double play, 5-4-3 (Groundball, 56S, EV 84.4 MPH)
|
| Top of the 8th over - 0 runs, 1 hit, 0 errors, 0 left on base; Chattanooga 4 - Arkansas 3 |
| BOTTOM OF THE 8TH |
|
Arkansas Travelers batting - Pitching for Chattanooga Lookouts : RHP Mike Ferry
|
|
Batting: RHB Jasper Burd
|
0-0: Swinging Strike 0-1: Called Strike 0-2: Ball 1-2: SINGLE (Groundball, 6M, EV 94.4 MPH) (infield hit)
|
|
Batting: RHB Bjoern Waltersson
|
0-0: Sac Bunt to 23 - play at first, batter OUT! 3-4 Jasper Burd to second
|
|
Batting: SHB Mario Padron
|
0-0: Foul Ball, location: 2F 0-1: Ball 1-1: Ball 2-1: TRIPLE (Flyball, 89XD, EV 100.0 MPH) Jasper Burd scores
|
|
Batting: LHB Matt Calitri
|
0-0: Called Strike 0-1: Called Strike 0-2: Strikes out swinging
|
|
Batting: LHB Tyler Meier
|
0-0: Foul Ball, location: 2F 0-1: Foul Ball, location: 2F 0-2: Ball 1-2: Foul Ball, location: 2F 1-2: Ball 2-2: Foul Ball, location: 2F 2-2: Strikes out swinging
|
| Bottom of the 8th over - 1 run, 2 hits, 0 errors, 1 left on base; Chattanooga 4 - Arkansas 4 |
| TOP OF THE 9TH |
|
Chattanooga Lookouts batting - Pitching for Arkansas Travelers : RHP Jason Smallwood
|
|
Pitching: RHP Harambe Vick
|
|
|
Batting: LHB Matt Robertson
|
0-0: Foul Ball, location: 2F 0-1: Foul Ball, location: 2F 0-2: Ball 1-2: Strikes out swinging
|
|
Batting: RHB J.J. Powers
|
0-0: Swinging Strike 0-1: Swinging Strike 0-2: Ball 1-2: Ground out 6-3 (Groundball, 6, EV 102.5 MPH)
|
|
Batting: LHB Kozo Kanamori
|
0-0: Called Strike 0-1: Foul Ball, location: 2F 0-2: Ball 1-2: Strikes out looking
|
| Top of the 9th over - 0 runs, 0 hits, 0 errors, 0 left on base; Chattanooga 4 - Arkansas 4 |
| BOTTOM OF THE 9TH |
|
Arkansas Travelers batting - Pitching for Chattanooga Lookouts : RHP Mike Ferry
|
|
Pitching: RHP Justin Gorden
|
|
|
Batting: RHB Jose Pineda
|
0-0: Ball 1-0: Ball 2-0: Ball 3-0: Called Strike 3-1: Foul Ball, location: 2F 3-2: Ground out 1-3 (Groundball, 34S, EV 66.9 MPH)
|
|
Batting: LHB Barrfhionn O'Toole
|
0-0: Foul Ball, location: 2F 0-1: Foul Ball, location: 2F 0-2: Ball 1-2: Ball 2-2: Ground out 6-3 (Groundball, 56, EV 103.1 MPH)
|
|
Batting: LHB Sean Corderman
|
0-0: Ground out U3 (Groundball, 34S, EV 90.6 MPH)
|
| Bottom of the 9th over - 0 runs, 0 hits, 0 errors, 0 left on base; Chattanooga 4 - Arkansas 4 |
| TOP OF THE 10TH |
|
Chattanooga Lookouts batting - Pitching for Arkansas Travelers : RHP Harambe Vick
|
|
Batting: RHB Miguel Verduzco
|
0-0: Ball 1-0: Ball 2-0: Called Strike 2-1: Swinging Strike 2-2: Foul Ball, location: 2F 2-2: Fly out, F3 (Popup, 3F, EV 63.1 MPH)
|
|
Batting: RHB Francisque Regras
|
0-0: Ball 1-0: Foul Ball, location: 2F 1-1: Ball 2-1: Foul Ball, location: 2F 2-2: Ball 3-2: Foul Ball, location: 2F 3-2: Strikes out swinging
|
|
Pinch Hitting: SHB Chris Ortiz
|
0-0: Ball 1-0: Ball 2-0: Foul Ball, location: 2F 2-1: Ball 3-1: Base on Balls
|
|
Batting: LHB Marius Tadini
|
0-0: Ball 1-0: Foul Ball, location: 2F 1-1: Called Strike 1-2: Ball 2-2: Strikes out swinging
|
| Top of the 10th over - 0 runs, 0 hits, 0 errors, 1 left on base; Chattanooga 4 - Arkansas 4 |
| BOTTOM OF THE 10TH |
|
Arkansas Travelers batting - Pitching for Chattanooga Lookouts : RHP Justin Gorden
|
|
Pitching: LHP Inkei Wakamatsu
|
|
|
Now at 2B: Bobby Paredes
|
|
|
Batting: RHB Roberto Martinez
|
0-0: Ball 1-0: Foul Ball, location: 2F 1-1: Swinging Strike 1-2: Ball 2-2: Foul Ball, location: 2F 2-2: Foul Ball, location: 2F 2-2: Strikes out swinging
|
|
Batting: RHB Jasper Burd
|
0-0: Foul Ball, location: 2F 0-1: Fly out, F9 (Flyball, 89S, EV 85.0 MPH)
|
|
Batting: RHB Bjoern Waltersson
|
0-0: Called Strike 0-1: Ball 1-1: Ball 2-1: Ball 3-1: SINGLE (Groundball, 3D, EV 101.9 MPH)
|
|
Batting: SHB Mario Padron
|
0-0: Called Strike Bjoern Waltersson steals 2nd base 0-1: Ball 1-1: Swinging Strike 1-2: Ball 2-2: Ball 3-2: Strikes out swinging
|
| Bottom of the 10th over - 0 runs, 1 hit, 0 errors, 1 left on base; Chattanooga 4 - Arkansas 4 |
| TOP OF THE 11TH |
|
Chattanooga Lookouts batting - Pitching for Arkansas Travelers : RHP Harambe Vick
|
|
Pitching: RHP Eric Cunningham
|
|
|
Batting: RHB Ruben Martinez
|
0-0: Ball 1-0: SINGLE (Groundball, 4MD, EV 106.3 MPH)
|
|
Batting: RHB Isaiah Easter
|
0-0: Foul Ball, location: 2F 0-1: Called Strike 0-2: Strikes out swinging
|
|
Batting: LHB Matt Robertson
|
0-0: Called Strike 0-1: Foul Ball, location: 2F 0-2: DOUBLE (Line Drive, 9LS, EV 94.4 MPH) Ruben Martinez to third Runner from 3rd tries for Home, SAFE, throw by RF to home
|
|
Batting: RHB J.J. Powers
|
0-0: Intentional Walk
|
|
Batting: LHB Kozo Kanamori
|
0-0: Called Strike Matt Robertson steals 3rd base J.J. Powers to second 0-1: Ball 1-1: Intentional Walk
|
|
Batting: RHB Miguel Verduzco
|
0-0: Ball 1-0: Foul Ball, location: 2F 1-1: GRAND SLAM HOME RUN (Flyball, 7LD, EV 103.8 MPH) (Inside the Park)
|
|
Batting: RHB Francisque Regras
|
0-0: Ball 1-0: Fly out, F4 (Popup, 3D, EV 48.1 MPH)
|
|
Batting: RHB Bobby Paredes
|
0-0: Ball 1-0: Fly out, F8 (Flyball, 8LS, EV 91.3 MPH)
|
| Top of the 11th over - 5 runs, 3 hits, 0 errors, 0 left on base; Chattanooga 9 - Arkansas 4 |
| BOTTOM OF THE 11TH |
|
Arkansas Travelers batting - Pitching for Chattanooga Lookouts : LHP Inkei Wakamatsu
|
|
Batting: LHB Matt Calitri
|
0-0: Foul Ball, location: 2F 0-1: Ball 1-1: Swinging Strike 1-2: Foul Ball, location: 2F 1-2: SINGLE (Line Drive, 4M, EV 100.0 MPH)
|
|
Pinch Hitting: RHB Melvin Gomez
|
0-0: Ball 1-0: Called Strike 1-1: Ball 2-1: TRIPLE (Flyball, 8LXD, EV 91.9 MPH) Matt Calitri scores
|
|
Pitching: RHP Curtis Ferguson
|
|
|
Batting: RHB Jose Pineda
|
0-0: Foul Ball, location: 2F 0-1: SINGLE (Line Drive, 6MD, EV 111.3 MPH) Melvin Gomez scores
|
|
Batting: LHB Barrfhionn O'Toole
|
0-0: Called Strike 0-1: Ball 1-1: Ball 2-1: Foul Ball, location: 2F 2-2: Ball 3-2: Foul Ball, location: 2F 3-2: Fly out, F8 (Line Drive, 8RD, EV 95.6 MPH)
|
|
Batting: LHB Sean Corderman
|
0-0: Ball 1-0: Called Strike 1-1: Ball 2-1: Ball 3-1: Foul Ball, location: 2F 3-2: Base on Balls Jose Pineda to second
|
|
Batting: RHB Roberto Martinez
|
0-0: Called Strike 0-1: Swinging Strike 0-2: Ball 1-2: Ball 2-2: Strikes out looking
|
|
Batting: RHB Jasper Burd
|
0-0: Ball 1-0: Foul Ball, location: 2F 1-1: Ground out U3 (Groundball, 3, EV 84.4 MPH)
|
| Bottom of the 11th over - 2 runs, 3 hits, 0 errors, 2 left on base; Chattanooga 9 - Arkansas 6 |
|